 Dungeon Crawl Stone Soup version 0.21.0-24-g2553a33 (webtiles) character file.

10390 Musashi the Slinger (level 11, -1/101 HPs)
             Began as a Minotaur Berserker on Jan 21, 2018.
             Was a High Priest of Trog.
             Slain by a death knight
             ... wielding a +0 great sword
              (8 damage)
             ... on level 11 of the Dungeon.
             The game lasted 01:14:35 (15612 turns).

Musashi the Slinger (Minotaur Berserker)           Turns: 15612, Time: 01:14:36

Health: -1/101     AC: 19    Str: 29    XL:     11   Next: 35%
Magic:  10/10      EV: 10    Int:  5    God:    Trog [*****.]
Gold:   700        SH:  0    Dex: 10    Spells: 10/10 levels left

rFire    . . .     SeeInvis .   a - +4 hand axe
rCold    . . .     Gourm    .   (no shield)
rNeg     . . .     Faith    +   n - +4 chain mail
rPois    .         Spirit   .   (helmet restricted)
rElec    .         Reflect  .   w - +2 cloak
rCorr    .         Harm     .   (no gloves)
MR       .....                  (no boots)
Stlth    ..........             W - amulet of faith
HPRegen  0.26/turn              E - +2 ring of strength
MPRegen  0.12/turn              L - +3 ring of strength

@: berserk cooldown, slowed, very slow
A: retaliatory headbutt, horns 2
a: Berserk, Trog's Hand, Brothers in Arms, Burn Spellbooks, Renounce Religion


You were on level 11 of the Dungeon.
You worshipped Trog.
Trog was extremely pleased with you.
You were not hungry.

You visited 2 branches of the dungeon, and saw 12 of its levels.
You also visited: Labyrinth.

You collected 734 gold pieces.
You spent 34 gold pieces at shops.

Inventory:

Hand Weapons
 a - a +4 hand axe (weapon)
 b - a +0 hunting sling
 c - a +1 hand axe of electrocution
 h - a cursed -1 mace
 u - a +3 vampiric war axe
 x - a +0 war axe
 F - a +1 glaive of flaming
 I - a +0 rapier
 J - a +0 halberd of venom
 O - a +0 trident
 S - a +0 battleaxe
Missiles
 v - 24 tomahawks (quivered)
 A - 242 sling bullets
 B - 4 curare-tipped needles
 C - 3 javelins
 D - 11 poisoned needles
 Q - a throwing net
Armour
 n - a +4 chain mail (worn)
 w - a +2 cloak (worn)
 M - a +1 leather armour of cold resistance
 R - a +0 chain mail of fire resistance
 T - a +0 leather armour of cold resistance
 U - a +2 scale mail of cold resistance
Jewellery
 z - the amulet "Panisag" {+Blink rPois MR- Regen+ Int+3}
   (You found it in a labyrinth)

   [amulet of regeneration]

   It affects your intelligence (+3).
   It protects you from poison.
   It affects your resistance to hostile enchantments.
   It lets you blink.
   It increases your rate of regeneration.
 E - a +2 ring of strength (left hand)
 L - a +3 ring of strength (right hand)
 W - an amulet of faith (around neck)
Wands
 j - a wand of paralysis (11)
 G - a wand of enslavement (16)
 K - a wand of acid (1)
 P - a wand of digging (23)
 X - a wand of iceblast (21)
 Y - a wand of flame (70)
Scrolls
 f - 2 scrolls of enchant armour
 g - 5 scrolls of teleportation
 i - 4 scrolls of enchant weapon
 k - a scroll of fog
 l - 6 scrolls of remove curse
 m - 2 scrolls of fear
 o - a scroll of amnesia {unknown}
 q - 2 scrolls of magic mapping
 r - 6 scrolls of identify
Potions
 d - 6 potions of heal wounds
 p - 2 potions of cancellation
 t - 3 potions of curing
 H - a potion of might
Books
 y - a book of the Dragon

   Spells                             Type                      Level
   a - Flame Tongue                   Conjuration/Fire             1
   b - Cause Fear                     Hexes                        4
   c - Bolt of Fire                   Conjuration/Fire             6
   d - Dragon Form                    Transmutation                7
   e - Dragon's Call                  Summoning                    9
   Trog disapproves of the use of such an item.
 Z - a book of Geomancy

   Spells                             Type                      Level
   a - Sandblast                      Earth                        1
   b - Passwall                       Transmutation/Earth          2
   c - Stone Arrow                    Conjuration/Earth            3
   d - Petrify                        Transmutation/Earth          4
   e - Lee's Rapid Deconstruction     Earth                        5
   Trog disapproves of the use of such an item.
Miscellaneous
 N - a sack of spiders
Comestibles
 e - 11 rations


   Skills:
 + Level 10.5 Fighting
 + Level 11.0 Axes
 + Level 11.0 Slings
 + Level 9.8 Armour
 + Level 3.2 Dodging
 + Level 1.3 Stealth
 + Level 1.2 Unarmed Combat
 + Level 1.2 Evocations


You had 10 spell levels left.
You didn't know any spells.

Dungeon Overview and Level Annotations

Branches:
Dungeon (11/15)            Temple (1/1) D:6            Lair (0/6) D:10
    Orc (0/2) D:10

Altars:
Ashenzari
Cheibriados
Dithmenos
Elyvilon
Fedhas
Gozag
Hepliaklqana
Kikubaaqudgha
Makhleb
Nemelex Xobeh
Okawaru
Qazlal
Ru
Sif Muna
Trog
Uskayaw
Vehumet
Wu Jian
Xom
Yredelemnul
Zin
The Shining One

Shops:
D:4 *   D:10 [


Innate Abilities, Weirdness & Mutations

You reflexively headbutt those who attack you in melee.
You have a pair of horns on your head.


Message History

You hit the death knight but do no damage.
The death knight is heavily wounded.
You hit the skeletal warrior but do no damage.
The skeletal warrior barely misses you.
The death knight hits you with a great sword!
* * * LOW HITPOINT WARNING * * *
Unknown command.
You hit the death knight.
The death knight is severely wounded.
You hit the skeletal warrior.
The skeletal warrior hits you but does no damage.
The death knight barely misses you. You furiously retaliate!
You headbutt the death knight, but do no damage.
Unknown command.
You hit the death knight. You headbutt the death knight.
The death knight is severely wounded.
You hit the skeletal warrior but do no damage.
The skeletal warrior hits you but does no damage.
The death knight hits you with a great sword!
You die...

#............#..<##..[[.......#
#............#.#.##########...#
#............#.#..............#
#............#.##..........#..#
.............#.#...........#..#*
.(...#####.................#...#
.(...# #..........#########..#
##########.......##......,,,*}.# #
#.........p@########**,*#.#* #
#.........(z# *,**,,* #
#......((...# *,***,* #
####....)(...(.# *,* *,, #
#.......#......#*********,***,,
###.......รท....[.#*,,,,,,,,,,,,,,
..........#.....##*,,,,,,,,,,,,,,
..........#.....# *,,,,,,,,,,,,,,
.........)#.....# *,,,,,,,,,,,,,,


You could see a death knight and a skeletal warrior.

Vanquished Creatures
  A minotaur (Lab)
  A skeletal warrior (D:11)
  Pikel (D:9)
  A cyclops (D:11)
  Maurice (D:9)
  Joseph (D:9)
  A gargoyle (D:11)
  3 hippogriffs
  2 redbacks (Lab)
  A basilisk (D:11)
  Duvessa (D:5)
  2 slaves (D:9)
  Purgy (D:4)
  9 orc warriors
  A sky beast (D:10)
  3 phantoms
  A black bear (D:7)
  An ice beast (D:8)
  6 ogres
  5 centaurs
  A big kobold (D:8)
  8 bullfrogs
  A water moccasin zombie (D:6)
  4 scorpions
  A wyvern skeleton (D:11)
  Dowan (D:5)
  12 killer bees
  14 wights
  3 howler monkeys (D:8)
  A crimson imp (D:10)
  2 centaur zombies
  A bullfrog zombie (D:6)
  6 hounds
  2 jellies
  5 orc priests
  Crazy Yiuf (D:5)
  A bullfrog skeleton (D:4)
  4 centaur skeletons
  2 iguanas (D:8)
  Natasha (thrice) (D:2)
  12 orc wizards
  10 worker ants
  A hound skeleton (D:3)
  A worker ant zombie (D:5)
  Robin (D:2)
  11 adders
  2 shadow imps
  2 adder skeletons (D:4)
  5 worms
  A dart slug (D:3)
  3 leopard geckos
  56 orcs
  A ball python (D:4)
  10 giant cockroaches
  13 goblins
  15 hobgoblins
  10 jackals
  6 quokkas
  6 bats
  6 frilled lizards
  A jackal skeleton (D:6)
  7 kobolds
  2 quokka skeletons
  8 rats
  2 rat zombies (D:4)
  A spectral orc (D:8)
  11 plants
320 creatures vanquished.

Vanquished Creatures (others)
  A slave (D:9)
  A plant (D:5)
2 creatures vanquished.

Grand Total: 322 creatures vanquished

Notes
Turn   | Place    | Note
-------+----------+-------------------------------------------
     0 | D:1      | Musashi the Minotaur Berserker began the quest for the Orb.
     0 | D:1      | Reached XP level 1. HP: 19/19 MP: 0/0
     2 | D:1      | Noticed a draconian
     2 | D:1      | Noticed a spriggan
     4 | D:1      | Noticed a centaur
     4 | D:1      | Noticed a vine stalker
     6 | D:1      | Noticed an elf
     6 | D:1      | Noticed a tengu
     8 | D:1      | Noticed a vampire
     8 | D:1      | Noticed a halfling
    10 | D:1      | Noticed a demonspawn
    10 | D:1      | Noticed a troll
    12 | D:1      | Noticed a demigod
    14 | D:1      | Noticed a merfolk
    14 | D:1      | Noticed a ghoul
    16 | D:1      | Noticed a naga
    16 | D:1      | Noticed a felid
    18 | D:1      | Noticed an ogre
    18 | D:1      | Noticed a human
    20 | D:1      | Noticed a dwarf
    20 | D:1      | Noticed a minotaur
    22 | D:1      | Noticed a formicid
    24 | D:1      | Noticed a gargoyle
    26 | D:1      | Noticed an octopode
   436 | D:1      | Reached XP level 2. HP: 26/27 MP: 1/1
   850 | D:2      | Noticed Natasha
   853 | D:2      | Noticed a crimson imp
   854 | D:2      | Noticed a crimson imp
   860 | D:2      | Killed Natasha
   860 | D:2      | Reached XP level 3. HP: 26/33 MP: 2/2
   986 | D:2      | Noticed Natasha
  1001 | D:2      | Killed Natasha
  1001 | D:2      | Reached XP level 4. HP: 24/40 MP: 3/3
  1051 | D:2      | Noticed Natasha
  1060 | D:2      | Killed Natasha
  1060 | D:2      | Reached ** piety under Trog
  1159 | D:2      | Noticed Robin
  1172 | D:2      | Killed Robin
  1832 | D:2      | Reached XP level 5. HP: 47/47 MP: 4/4
  2578 | D:3      | Reached *** piety under Trog
  2959 | D:3      | Reached XP level 6. HP: 53/53 MP: 5/5
  3218 | D:4      | Found Meimn's Assorted Antiques.
  3232 | D:4      | Bought a scroll of identify for 34 gold pieces
  3240 | D:4      | Noticed Purgy
  3262 | D:4      | Killed Purgy
  3262 | D:4      | Reached skill level 5 in Fighting
  3262 | D:4      | Reached skill level 5 in Slings
  3381 | D:4      | Reached XP level 7. HP: 61/61 MP: 6/6
  3741 | D:4      | Reached skill level 5 in Axes
  4041 | D:4      | Reached skill level 5 in Armour
  4288 | D:4      | Found an ancient bone altar of Kikubaaqudgha.
  4499 | D:5      | Entered Level 5 of the Dungeon
  4535 | D:5      | Received a gift from Trog
  4578 | D:5      | Noticed Dowan
  4582 | D:5      | Killed Dowan
  4582 | D:5      | Reached XP level 8. HP: 70/70 MP: 7/7
  4586 | D:5      | Noticed Duvessa
  4604 | D:5      | Killed Duvessa
  4887 | D:5      | Found a runed door.
  4891 | D:5      | Noticed Crazy Yiuf
  4901 | D:5      | Killed Crazy Yiuf
  6111 | D:6      | Reached **** piety under Trog
  6206 | D:6      | Found an ornate altar of the Wu Jian Council.
  6459 | D:6      | Found a staircase to the Ecumenical Temple.
  6472 | Temple   | Entered the Ecumenical Temple
  6650 | D:6      | Reached skill level 1 in Stealth
  7827 | D:7      | Reached XP level 9. HP: 68/79 MP: 8/8
  8137 | D:7      | Received a gift from Trog
  8314 | D:7      | Found a sparkling altar of Nemelex Xobeh.
  8752 | D:8      | Found a basalt altar of Yredelemnul.
  9254 | D:8      | Found a stormy altar of Qazlal.
  9365 | D:8      | Received a gift from Trog
  9874 | D:8      | Reached XP level 10. HP: 90/90 MP: 9/9
 10076 | D:9      | Noticed Maurice
 10392 | D:9      | Noticed Joseph
 10405 | D:9      | Killed Joseph
 10582 | D:9      | Received a gift from Trog
 10613 | D:9      | Reached skill level 1 in Evocations
 10936 | D:9      | Noticed Pikel
 10968 | D:9      | Reached skill level 1 in Unarmed Combat
 10974 | D:9      | Killed Pikel
 10974 | D:9      | Reached skill level 10 in Axes
 11344 | D:9      | Found an iron altar of Okawaru.
 11710 | D:9      | Killed Maurice
 11710 | D:9      | Received a gift from Trog
 12008 | D:9      | Found an iron altar of Okawaru.
 12353 | D:10     | Entered Level 10 of the Dungeon
 13102 | D:10     | Reached skill level 10 in Slings
 13257 | D:10     | Found Impi's Armour Emporium.
 13258 | D:10     | Found a staircase to the Orcish Mines.
 13511 | D:10     | Reached skill level 10 in Fighting
 13597 | D:10     | Found a staircase to the Lair.
 13946 | D:11     | Reached ***** piety under Trog
 14013 | D:11     | Received a gift from Trog
 14036 | D:11     | Reached XP level 11. HP: 89/99 MP: 10/10
 14091 | D:11     | Found a labyrinth entrance.
 14121 | Lab      | Entered a labyrinth
 14992 | Lab      | Noticed a minotaur
 14998 | Lab      | Killed a minotaur
 15152 | Lab      | Got a flickering tin amulet
 15154 | Lab      | Identified the amulet "Panisag" {+Blink rPois MR- Regen+ Int+3} (You found it in a labyrinth)
 15363 | D:11     | Noticed a skeletal warrior
 15383 | D:11     | Killed a skeletal warrior
 15397 | D:11     | Noticed a death knight
 15600 | D:11     | Noticed a skeletal warrior
 15612 | D:11     | Slain by a death knight

Skill      XL: |  1  2  3  4  5  6  7  8  9 10 11 |
---------------+----------------------------------+-----
Fighting       | 4 5 6 7 8 10 | 10.5
Slings         | 2 3 4 5 6 7 8 10 11 | 11.0
Armour         | 3 4 5 6 7 9 |  9.8
Axes           | 4 5 6 9 10 11 | 11.0
Stealth        | 1 |  1.3
Evocations     | 1 |  1.2
Unarmed Combat | 1 |  1.2
Dodging        | 3 |  3.2

Action                   |  1- 3 |  4- 6 |  7- 9 | 10-12 || total
-------------------------+-------+-------+-------+-------++-------
Melee: Hand axe          |    44 |   151 |   386 |   280 ||   861
       Headbutt          |     4 |    29 |    73 |    84 ||   190
       Unarmed           |       |       |       |    28 ||    28
 Fire: Hunting sling     |    25 |    81 |   188 |   167 ||   461
Invok: Berserk           |       |     1 |     5 |     8 ||    14
       Burn Spellbooks   |       |       |     1 |       ||     1
       Trog's Hand       |       |       |       |     4 ||     4
Evoke: Wand              |       |       |       |     5 ||     5
  Use: Scroll            |       |     2 |     6 |    17 ||    25
       Potion            |       |       |       |     1 ||     1
  Eat: Chunk             |       |     7 |    16 |    10 ||    33
       Ration            |       |     1 |     2 |     5 ||     8
Armor: Leather armour    |     3 |       |       |       ||     3
       Animal skin       |     1 |       |       |       ||     1
       Chain mail        |    12 |   104 |   222 |   114 ||   452
       Skin              |       |       |       |     2 ||     2
Dodge: Dodged            |    25 |    87 |   157 |   108 ||   377
